 Dungeon Crawl Stone Soup version 0.19.0-22-gd96e5fe (webtiles) character file.

28114 Ladykiller69 the Cleaver (level 13, -4/101 HPs)
             Began as a Formicid Fighter on Nov 19, 2016.
             Was the Champion of Cheibriados.
             Slain by an eight-headed hydra (9 damage)
             ... on level 3 of the Lair of Beasts.
             The game lasted 00:51:19 (14252 turns).

Ladykiller69 the Cleaver (Formicid Fighter)        Turns: 14252, Time: 00:51:21

Health: -4/101     AC:  7    Str: 34    XL:     13   Next: 71%
Magic:  16/16      EV: 19    Int: 26    God:    Cheibriados [******]
Gold:   694        SH: 17    Dex: 25    Spells: 0 memorised, 12 levels left

rFire  + + .     SeeInvis +     a - +6 eveningstar
rCold  + + .     Gourm    .     Z - +3 leather armour "Kusuv" {MR++ Regen+}
rNeg   . . .     Faith    .     c - +0 shield
rPois  +         Spirit   .     (helmet unavailable)
rElec  .         Reflect  +     (no cloak)
rCorr  .         Harm     .     (no gloves)
MR     +++++                    (no boots)
Stlth  ++........               C - amulet of Moade {Reflect rF++ rC+ MR+++ Str-4 SH+3}
                                r - ring of poison resistance
                                h - ring of protection from cold

@: very slow
A: permanent stasis, dig shafts and tunnels, four strong arms, antennae 3
a: Dig, Shaft Self, Bend Time, Temporal Distortion, Slouch, Step From Time,
Renounce Religion


You were on level 3 of the Lair of Beasts.
You worshipped Cheibriados.
Cheibriados was exalted by your worship.
You were hungry.

You visited 3 branches of the dungeon, and saw 16 of its levels.
You also visited: Labyrinth.

You collected 799 gold pieces.
You spent 105 gold pieces at shops.

Inventory:

Hand Weapons
 a - a +6 eveningstar (weapon)
 p - a cursed +5 battleaxe of freezing
 Q - a +2 war axe of freezing
Missiles
 k - 352 stones
 E - 31 tomahawks (quivered)
 W - 13 javelins
Armour
 c - a +0 shield (worn)
 F - a +1 plate armour
 Z - the +3 leather armour "Kusuv" (worn) {MR++ Regen+}
   (You found it in a labyrinth)

   It affects your resistance to hostile enchantments.
   It increases your rate of regeneration.
Rods
 t - a +0 rod of shadows (12/12)
   (You found it in a labyrinth)
Jewellery
 h - a ring of protection from cold (left hand)
 n - an uncursed ring of ice
 q - an uncursed ring of resist corrosion
 r - a ring of poison resistance (right hand)
 C - the amulet of Moade (around neck) {Reflect rF++ rC+ MR+++ Str-4 SH+3}
   (You took it off a centaur on level 11 of the Dungeon)

   [amulet of reflection]

   It shields you and reflects attacks.
   It affects your strength (-4).
   It greatly protects you from fire.
   It protects you from cold.
   It affects your resistance to hostile enchantments.
   It affects your SH (+3).
Wands
 d - a wand of iceblast (8/15)
 l - a wand of iceblast (6/15)
 R - a wand of paralysis (16/24)
 Y - a wand of iceblast (5/15)
Scrolls
 e - 2 scrolls of magic mapping
 i - 3 scrolls of identify
 j - a scroll of enchant armour
 m - 9 scrolls of remove curse
 o - a scroll of fear
 s - 2 scrolls of amnesia
 v - 3 scrolls of noise
 x - a scroll of recharging
 L - a scroll of holy word
 O - 2 scrolls of enchant weapon
 P - a scroll of fog
Potions
 g - 2 potions of flight
 u - a potion of cancellation
 w - 3 potions of brilliance
 z - 4 potions of heal wounds
 A - 2 potions of invisibility
 G - 3 potions of curing
 M - 2 potions of might
 N - a potion of agility
Books
 I - a book of Frost

   Spells                             Type                      Level
   a - Freeze                         Ice                          1
   b - Throw Frost                    Conjuration/Ice              2
   c - Ozocubu's Armour               Charms/Ice                   3
   d - Throw Icicle                   Conjuration/Ice              4
   e - Summon Ice Beast               Ice/Summoning                4
 K - a book of Flames

   Spells                             Type                      Level
   a - Flame Tongue                   Conjuration/Fire             1
   b - Throw Flame                    Conjuration/Fire             2
   c - Conjure Flame                  Conjuration/Fire             3
   d - Inner Flame                    Hexes/Fire                   3
   e - Sticky Flame                   Conjuration/Fire             4
   f - Fireball                       Conjuration/Fire             5
Miscellaneous
 b - 2 phantom mirrors
 y - 2 sacks of spiders
 D - a box of beasts
Comestibles
 f - 7 bread rations
 B - 2 fruits
 H - 3 slices of pizza
 J - 5 meat rations
 T - 10 royal jellies
 V - 5 beef jerkies


   Skills:
 + Level 9.4 Fighting
 * Level 14.5 Axes
 + Level 10.3 Armour
 + Level 7.5 Dodging
 - Level 9.0 Shields
 + Level 5.3 Invocations


You had 12 spell levels left.
You didn't know any spells.

Dungeon Overview and Level Annotations

Branches:
Dungeon (12/15)            Temple (1/1) D:4            Lair (3/6) D:11
  Swamp (0/4) Lair:2          Orc (0/2) D:9
  Snake: Lair:2-4    Spider: Lair:2-4

Altars:
Cheibriados
Dithmenos
Fedhas
Gozag
Makhleb
Nemelex Xobeh
Okawaru
Qazlal
Trog
Uskayaw
Vehumet
Xom
The Shining One

Shops:
D:4 ?   D:7 }   D:8 *

Annotations:
Lair:2 exclusions: electric eel, sensed monster (detected) and 6 more exclusions


Innate Abilities, Weirdness & Mutations

You are under a permanent stasis effect.
You can dig through walls and to a lower floor.
Your four strong arms can wield two-handed weapons with a shield.
You have a pair of large antennae on your head. (SInv)


Message History

Are you sure you want to shaft yourself?
You are feeling hungry.
The eight-headed hydra bites you but does no damage.
You block the eight-headed hydra's attack. x2
The eight-headed hydra bites you! x2
The eight-headed hydra closely misses you.
The eight-headed hydra bites you but does no damage.
The eight-headed hydra barely misses you.
You begin to dig a shaft.
You continue digging a shaft.
The eight-headed hydra bites you!
* * * LOW HITPOINT WARNING * * *
You block the eight-headed hydra's attack.
The eight-headed hydra bites you!
* * * LOW HITPOINT WARNING * * *
The eight-headed hydra completely misses you.
You block the eight-headed hydra's attack.
The eight-headed hydra bites you!
* * * LOW HITPOINT WARNING * * *
The eight-headed hydra bites you!
You die...

#....##.........# ###....
##.....##.#.....####..≈≈≈
#...#.#.#.P..........≈≈≈
##...................≈≈≈≈
#....................≈≈≈≈
#....................≈≈≈≈
##....................≈≈.
#..##...#.###..........≈.
##.##P.#@..#.............
.. #.(D...##........#.##
#..........##......######
#..........#......## #
#P.##......##.....# # ##.
#.............# # P
P.......P...... #
...#.P.##P......#
#.........


You could see an eight-headed hydra.

Vanquished Creatures
  A minotaur (Lab)
  Fannar (Lair:2)
  The ghost of Vajrapani the Grappler, a novice TrFi of Nemelex Xobeh (Lair:2)
  Erica (D:9)
  Urug (Lair:2)
  An unseen horror (D:12)
  Pikel (D:4)
  4 hill giants
  An ugly thing (D:11)
  Psyche (D:9)
  The ghost of newuser the Skirmisher, a novice MiAK of Lugonu (D:5)
  5 black mambas
  4 gargoyles (Lab)
  A spiny frog (Lair:2)
  3 komodo dragons
  A kobold demonologist (D:11)
  3 trolls
  Prince Ribbit (D:8)
  4 slime creatures (D:12)
  5 blink frogs (Lair:1)
  4 hippogriffs
  2 shadows (Lab)
  A wyvern (D:10)
  22 yaks
  A wraith (D:11)
  2 vampire mosquitoes (D:12)
  2 hungry ghosts
  5 water moccasins
  6 porcupines
  6 orc warriors
  2 swamp drakes
  3 ice beasts
  3 sky beasts
  A black bear (D:9)
  3 necrophages
  3 phantoms
  7 wolves
  4 slaves (D:4)
  2 eyes of draining (D:10)
  9 centaurs
  6 ogres
  2 crocodiles (Lair:1)
  3 big kobolds
  3 bullfrogs
  Blork the orc (D:4)
  A gnoll sergeant (D:8)
  2 wyvern zombies
  2 wyvern skeletons
  5 scorpions
  9 killer bees
  6 wights
  6 howler monkeys
  2 centaur zombies
  5 crimson imps
  A quasit (D:5)
  3 bullfrog zombies
  3 hounds
  2 gnoll shamans
  8 jellies
  4 orc priests
  2 bullfrog skeletons
  A centaur skeleton (D:4)
  An iguana (D:10)
  12 orc wizards
  11 worker ants
  A killer bee zombie (D:9)
  A hound skeleton (D:5)
  3 worker ant zombies (D:6)
  Robin (D:4)
  A howler monkey skeleton (D:6)
  11 adders
  19 gnolls
  A shadow imp (D:6)
  6 oozes
  3 adder skeletons
  A worm (D:4)
  A dart slug (D:2)
  4 leopard geckos
  35 orcs
  5 giant cockroaches
  14 goblins
  10 hobgoblins
  14 kobolds
  7 quokkas
  A ball python (D:7)
  8 bats
  4 frilled lizards
  A giant cockroach zombie (D:5)
  A quokka skeleton (D:5)
  4 rats
  5 plants (Lab)
392 creatures vanquished.

Vanquished Creatures (others)
  An orc (D:9)
  3 fungi (Lair:2)
  3 plants
7 creatures vanquished.

Grand Total: 399 creatures vanquished

Notes
Turn   | Place    | Note
-------+----------+-------------------------------------------
     0 | D:1      | Ladykiller69 the Formicid Fighter began the quest for the Orb.
     0 | D:1      | Reached XP level 1. HP: 18/18 MP: 1/1
   464 | D:1      | Reached XP level 2. HP: 24/24 MP: 2/2
  1162 | D:2      | Reached XP level 3. HP: 29/29 MP: 3/3
  1542 | D:3      | Found a shimmering altar of Xom.
  1544 | D:3      | Found a shimmering altar of Xom.
  1544 | D:3      | Found a shimmering altar of Xom.
  1644 | D:3      | Reached XP level 4. HP: 35/37 MP: 4/4
  1648 | D:3      | Reached skill level 3 in Axes
  2365 | D:3      | Reached XP level 5. HP: 42/42 MP: 5/5
  2519 | D:4      | Noticed a slave
  2519 | D:4      | Noticed a slave
  2579 | D:4      | Noticed Pikel
  2579 | D:4      | Noticed a slave
  2579 | D:4      | Noticed a slave
  2600 | D:4      | Killed a slave
  2602 | D:4      | Killed a slave
  2738 | D:4      | Found a staircase to the Ecumenical Temple.
  2759 | Temple   | Entered the Ecumenical Temple
  3027 | Temple   | Became a worshipper of Cheibriados the Contemplative
  3264 | D:4      | Noticed Blork the orc
  3281 | D:4      | Killed Blork the orc
  3281 | D:4      | Reached skill level 4 in Axes
  3281 | D:4      | Reached XP level 6. HP: 14/49 MP: 6/6
  3448 | D:4      | Killed a slave
  3515 | D:4      | You fall through a shaft for 3 floors!
  3748 | D:7      | Noticed an ice beast
  3766 | D:7      | Killed an ice beast
  3766 | D:7      | Reached skill level 5 in Shields
  3990 | D:6      | Reached XP level 7. HP: 54/55 MP: 7/7
  4103 | D:6      | Reached skill level 5 in Axes
  4368 | D:6      | Reached skill level 5 in Fighting
  4715 | D:6      | Reached skill level 6 in Axes
  4715 | D:6      | Reached XP level 8. HP: 61/62 MP: 8/8
  4839 | D:6      | Reached * piety under Cheibriados
  4893 | D:5      | Entered Level 5 of the Dungeon
  4968 | D:5      | Noticed newuser's ghost (novice MiAK)
  4985 | D:5      | You fall through a shaft for 2 floors!
  5272 | D:7      | Noticed a hippogriff
  5284 | D:7      | Killed a hippogriff
  5398 | D:7      | Reached skill level 7 in Axes
  5707 | D:5      | Killed newuser's ghost
  5707 | D:5      | Reached skill level 8 in Axes
  5707 | D:5      | Reached XP level 9. HP: 41/69 MP: 9/9
  5815 | D:4      | You fall through a shaft!
  6207 | D:5      | Reached ** piety under Cheibriados
  6253 | D:5      | Reached skill level 9 in Axes
  6380 | D:4      | Killed Pikel
  6565 | D:4      | Found Kuliryor's Magic Scroll Shoppe.
  6568 | D:4      | Bought a scroll of holy word for 105 gold pieces
  6628 | D:4      | Noticed Robin
  6650 | D:4      | Killed Robin
  7190 | D:5      | Found an opulent altar of Gozag.
  7394 | D:5      | Reached skill level 10 in Axes
  7472 | D:6      | Reached XP level 10. HP: 76/76 MP: 10/10
  7510 | D:6      | Reached *** piety under Cheibriados
  7703 | D:6      | Reached skill level 1 in Dodging
  8059 | D:7      | Found Sisuy's Gadget Shop.
  8582 | D:8      | Reached skill level 5 in Armour
  8604 | D:8      | Noticed Prince Ribbit
  8617 | D:8      | Killed Prince Ribbit
  8735 | D:8      | Reached skill level 11 in Axes
  8807 | D:8      | Reached **** piety under Cheibriados
  9181 | D:8      | Found Jaggudy's General Store.
  9739 | D:9      | Reached XP level 11. HP: 61/81 MP: 11/11
  9741 | D:9      | Found a staircase to the Orcish Mines.
  9757 | D:9      | Reached ***** piety under Cheibriados
  9848 | D:9      | Noticed Erica
  9860 | D:9      | Killed Erica
  9861 | D:9      | Reached skill level 12 in Axes
 10093 | D:9      | Noticed Psyche
 10107 | D:9      | Killed Psyche
 10409 | D:10     | Entered Level 10 of the Dungeon
 10511 | D:10     | Noticed a hill giant
 10523 | D:10     | Killed a hill giant
 10939 | D:10     | Reached skill level 5 in Dodging
 11195 | D:11     | Found a labyrinth entrance.
 11200 | Lab      | Entered a labyrinth
 11389 | Lab      | Reached ****** piety under Cheibriados
 11787 | Lab      | Noticed a minotaur
 11797 | Lab      | Killed a minotaur
 11797 | Lab      | Reached skill level 13 in Axes
 11797 | Lab      | Reached XP level 12. HP: 62/91 MP: 12/12
 11820 | Lab      | Got a faintly glowing leather armour
 11831 | Lab      | Identified the +3 leather armour "Kusuv" {MR++ Regen+} (You found it in a labyrinth)
 11852 | Lab      | Identified a +0 rod of shadows (12/12) (You found it in a labyrinth)
 12101 | D:11     | Got a crude sapphire amulet
 12102 | D:11     | Identified the amulet of Moade {Reflect rF++ rC+ MR+++ Str-4 SH+3} (You took it off a centaur on level 11 of the Dungeon)
 12240 | D:11     | Found a staircase to the Lair.
 12691 | D:12     | Noticed an unseen horror
 12711 | D:12     | Killed an unseen horror
 12735 | D:12     | Reached skill level 1 in Invocations
 12771 | Lair:1   | Entered Level 1 of the Lair of Beasts
 13130 | Lair:1   | Reached XP level 13. HP: 99/99 MP: 14/14
 13234 | Lair:1   | Reached skill level 14 in Axes
 13336 | Lair:2   | Noticed Vajrapani's ghost (novice TrFi)
 13350 | Lair:2   | Killed Vajrapani's ghost
 13382 | Lair:2   | Noticed Fannar
 13414 | Lair:2   | Killed Fannar
 13574 | Lair:2   | Reached skill level 10 in Armour
 13628 | Lair:2   | Noticed Urug
 13637 | Lair:2   | Killed Urug
 13911 | Lair:2   | Reached skill level 5 in Invocations
 14029 | Lair:2   | Found a staircase to the Swamp.
 14209 | Lair:3   | Noticed an eight-headed hydra
 14252 | Lair:3   | HP: 5/101 [eight-headed hydra (13)]
 14252 | Lair:3   | Slain by an eight-headed hydra

Skill      XL: |  1  2  3  4  5  6  7  8  9 10 11 12 13 |
---------------+----------------------------------------+-----
Shields        | 4 5 7 9 |  9.0
Axes           | 3 4 6 8 10 11 13 14 | 14.5
Armour         | 4 6 8 9 10 | 10.3
Fighting       | 4 5 6 7 8 9 |  9.4
Dodging        | 3 5 6 7 |  7.5
Invocations    | 2 5 |  5.3

Action                   |  1- 3 |  4- 6 |  7- 9 | 10-12 | 13-15 || total
-------------------------+-------+-------+-------+-------+-------++-------
Melee: War axe           |    88 |   199 |   393 |   723 |   180 ||  1583
       Eveningstar       |       |       |       |       |     2 ||     2
Throw: Tomahawk          |       |       |     3 |     8 |     1 ||    12
       Stone             |       |       |     1 |       |       ||     1
Invok: Bend Time         |       |     1 |       |       |       ||     1
 Abil: Dig               |     1 |     6 |     8 |    24 |     7 ||    46
       Shaft Self        |       |     1 |     2 |       |     1 ||     4
  Use: Potion            |       |     1 |     3 |     1 |       ||     5
       Scroll            |       |       |     5 |    12 |     6 ||    23
 Stab: Confused          |       |       |       |       |     1 ||     1
  Eat: Chunk             |     2 |     7 |     2 |    15 |     4 ||    30
       Meat ration       |       |     1 |       |     1 |       ||     2
       Bread ration      |       |       |     1 |       |       ||     1
Armor: Scale mail        |    36 |    73 |    14 |       |       ||   123
       Skin              |       |       |    25 |       |       ||    25
       Plate armour      |       |       |   125 |   134 |       ||   259
       Leather armour    |       |       |       |    22 |    11 ||    33
Dodge: Dodged            |    29 |    59 |    87 |   201 |    63 ||   439
Block: Shield            |    44 |   131 |   203 |   395 |   113 ||   886
       Reflection        |       |       |       |     4 |     2 ||     6
